 Dungeon Crawl Stone Soup version 0.24.1-14-gf8d2b509d9 (webtiles) character file.

Game seed: 15751661759021982793, levelgen mode: deterministic

19 Doot the Sneak (level 2, 0/19 HPs)
             Began as a Vampire Enchanter on May 22, 2020.
             Slain by a sky beast (6 damage)
             ... on level 3 of the Dungeon.
             The game lasted 00:01:56 (553 turns).

Doot the Sneak (Vampire Enchanter)                   Turns: 553, Time: 00:01:57

Health: 0/19       AC:  1    Str:  7    XL:     2   Next: 55%
Magic:  3/5        EV: 13    Int: 17    God:
Gold:   130        SH:  0    Dex: 17    Spells: 2/5 levels left

rFire    . . .     SeeInvis +   a - +1 dagger
rCold    . . .     Gourm    .   (no shield)
rNeg     . . .     Faith    .   b - +1 robe
rPois    .         Spirit   .   (no helmet)
rElec    .         Reflect  .   k - +0 cloak
rCorr    .         Harm     .   (no gloves)
MR       .....                  (no boots)
Stlth    +++.......             (no amulet)
HPRegen  0.26/turn              e - -3 ring of protection (curse)
MPRegen  0.09/turn              g - +3 ring of dexterity

@: regenerating quickly
A: no food, fangs 3, see invisible, unbreathing
a: Exsanguinate


You were on level 3 of the Dungeon.
You were alive.

You visited 1 branch of the dungeon, and saw 3 of its levels.

You collected 130 gold pieces.

Inventory:

Hand Weapons
 a - a +1 dagger (weapon)
Armour
 b - a +1 robe (worn)
 k - a +0 cloak (worn)
Jewellery
 e - a cursed -3 ring of protection (left hand)
 g - a +3 ring of dexterity (right hand)
Scrolls
 i - a scroll of enchant armour
 j - a scroll of enchant weapon {unknown}
 l - 2 scrolls of identify
Potions
 c - 2 potions of curing
 d - a potion of brilliance {unknown}
 f - a potion of cancellation {unknown}
 h - a potion of haste {unknown}


   Skills:
 + Level 1.3 Short Blades
 + Level 2.2 Dodging
 + Level 5.4 Stealth
 + Level 2.0 Spellcasting
 + Level 4.8 Hexes


You had 2 spell levels left.
You knew the following spells:

 Your Spells              Type           Power        Failure   Level  Hunger
a - Corona                Hex            ###....      2%          1    N/A
b - Ensorcelled Hibernat  Hex/Ice        #.....       11%         2    N/A

Your spell library contained the following spells:

 Spells                   Type           Power        Failure   Level  Hunger
 Confuse                  Hex            ###.....     8%          3    N/A
 Tukima's Dance           Hex            ###.....     8%          3    N/A
 Dazzling Spray           Conj/Hex       #.....       22%         3    N/A

Dungeon Overview and Level Annotations

Branches:
Dungeon (3/15)

Altars:


Innate Abilities, Weirdness & Mutations

You do not eat.
Your natural rate of healing is unusually fast.
You have razor-sharp teeth.
You have supernaturally acute eyesight. (SInv)
You can survive without breathing.


Message History

There is an open door here.
A quokka comes into view.
Unknown command.
A sky beast comes into view.
Found a moonstone ring.
Casting: Ensorcelled Hibernation (safe; 11% risk of failure)
Confirm with . or Enter, or press ? or * to list all spells.
Aiming: Ensorcelled Hibernation (safe; 11% risk of failure)
Press: ? - help, Shift-Dir - straight line, f - sky beast
Aim: a sky beast (chance to defeat MR: 40%)
The sky beast looks drowsy...
The helpless sky beast fails to defend itself.
You impale the sky beast!!
The sky beast is almost dead.
The sky beast hits you. The sky beast shocks you.
Unknown command.
You closely miss the sky beast.
The sky beast is almost dead.
The sky beast hits you. The sky beast shocks you.
You die...

#.#.#############...
#.#.#...............
#####.#.#.##########....
#.........#..<.....#....
#.#####.#.#.#.##...#.###
#.#..........#.#
#.#.#..##....#.#
#####.#..........#.#
#....@........#..#.#
#...#.Y####........#.###
#. ##.## ##....##.#....
#..# #....##.#....
#r..=# #.##.##.#....
##..## #..#+##.##...
#### ........#....
(.......#.###
#...(...#'##


You could see a sky beast and a quokka.

Vanquished Creatures
  A worm (D:3)
  A leopard gecko (D:1)
  A bat (D:2)
  A giant cockroach (D:1)
  A goblin (D:3)
  4 hobgoblins
  2 frilled lizards
  2 kobolds
  2 rats (D:1)
15 creatures vanquished.

Notes
Turn   | Place    | Note
-------+----------+-------------------------------------------
     0 | D:1      | Doot the Vampire Enchanter began the quest for the Orb.
     0 | D:1      | Reached XP level 1. HP: 13/13 MP: 3/3
   170 | D:1      | Reached XP level 2. HP: 19/19 MP: 5/5
   183 | D:1      | Learned a level 2 spell: Ensorcelled Hibernation
   272 | D:2      | Reached skill level 5 in Stealth
   545 | D:3      | Noticed a sky beast
   553 | D:3      | Slain by a sky beast

Levels and vault maps discovered:
D:1:      noname_arrival_rooms_in_the_neighbourhood, layout_rooms,
          serial_bayou_lagoon_b
D:2:      layout_loops_corners, chequers_ecumenical_altar_grove, first_ration,
          grunt_qazlal_sundering, uniq_crazy_yiuf_cottage, uniq_natasha
D:3:      layout_basic, gammafunk_temple_overflow_elements, vehumet_crystals,
          minmay_close_crescents

Skill      XL: |  1  2 |
---------------+-------+-----
Stealth        | 5 |  5.4
Short Blades   | |  1.3
Dodging        | |  2.2
Spellcasting   | |  2.0
Hexes          | |  4.8

Action                   || total
-------------------------++-------
Melee: Dagger            ||    35
       Bite              ||     2
 Cast: Corona            ||     2
       Ensorcelled Hiber ||     5
  Use: Scroll            ||     3
 Stab: Sleeping          ||    10
Armor: Robe              ||     3
Dodge: Dodged            ||    13
